20240210_Mignano-Lücke

Match 18828194
End
Panzergrenadier Squad
Selects Italian Combined Arms Battlegroup
Selects Bersaglieri Squad
Bersaglieri Squad
Bersaglieri Squad
Construct Light Support Kompanie
2.5-tonne Medical Truck
Selects Bersaglieri Bolster
Bersaglieri Squad
Fire Support Elements
Flakvierling Half-track
Panzerjäger Mechanized Group
Selects Semovente da 75/18 Assault Gun
Selects Carro Armato M13/40 Light Tank
Carro Armato M13/40 Light Tank
Carro Armato M13/40 Light Tank
Selects Artillery Cover
Carro Armato M13/40 Light Tank
Selects Breda Model 30 Light Machine Guns
2.5-tonne Medical Truck
Carro Armato M13/40 Light Tank
Construct Panzerarmee Kommand
Panzer III L Medium Tank
Armored Reserves
Tiger Heavy Tank
Emergency Repair Kits
Panzerpioneer Squad
Panzer III L Medium Tank
Artillery Cover
Carro Armato M13/40 Light Tank
Sir Toady
AirborneDivision
Halloween
DOVAKIN
ZP
ASPEKTAKLE
GanJaManN
咸鱼光
0
0

Comments sign in to comment!

No comments posted yet!